AoeStats
← Moonka

Lombardia

508248831Analyzed
4v4 RM · 9d ago on Sep 21, 2026· 43m 36s· 8 players
Game mode
Random Map
Map size
Large (8 player)
Population
200
Speed
Normal
Resources
Standard
Victory
Conquest
Starting age
Dark Age
Ending age
Imperial Age
RankedLock teamsTeams togetherTeam positionsShared explorationLock speedFull tech treeHidden civsTurbo modeCheats
Victory
Defeat
1446
+17
🇹🇼 Mongols · Taiwan
1415
+18
🇦🇷 Huns · Argentina
1413
+18
🇮🇳 Inca · India
1391
+19
🇫🇮 Tatars · Finland
1522
-21
🇦🇷 Armenians · Argentina
1521
-20
🇷🇺 Mapuche · Russia
1411
-16
🇵🇪 Khmer · Peru
1387
-15
Yucatan_water_supremacy
9:13 Loom
11:44 Feudal Age
13:46 Town Watch
16:43 Castle Age
14:50 Double-Bit Axe
15:03 Stone Mining
16:17 Scale Barding Armor
18:28 Chain Barding Armor
18:01 Horse Collar
27:07 Wheelbarrow
28:13 Bloodlines
28:04 Husbandry
31:17 Town Watch
38:23 Imperial Age
36:09 Hand Cart
37:02 Corvinian Army
37:11 Gold Mining
39:47 Plate Barding Armor
40:24 Conscription
39:45 Elite Magyar Huszar
Cheetah
9:37 Loom
11:40 Feudal Age
13:31 Horse Collar
18:08 Castle Age
16:29 Double-Bit Axe
17:16 Stone Mining
19:54 Bow Saw
23:10 Heavy Plow
23:05 Gold Mining
24:13 Wheelbarrow
24:49 Stone Shaft Mining
26:24 Hand Cart
30:16 Fletching
34:36 Imperial Age
33:59 Gold Shaft Mining
33:24 Bodkin Arrow
33:29 Padded Archer Armor
33:42 Andean Sling
33:51 Caravan
35:10 Leather Archer Armor
35:19 Ballistics
35:10 Masonry
36:12 Conscription
36:28 Elite Skirmisher
37:18 Bracer
37:49 Ring Archer Armor
38:23 Chemistry
38:00 Thumb Ring
40:08 Capped Ram
41:00 Siege Ram
42:46 Crop Rotation
虞小梅
9:28 Feudal Age
10:22 Double-Bit Axe
11:28 Horse Collar
13:04 Loom
14:44 Wheelbarrow
20:11 Castle Age
18:42 Gold Mining
21:05 Bow Saw
21:02 Heavy Plow
26:12 Stone Mining
27:11 Hand Cart
29:45 Stone Shaft Mining
30:55 Stone Shaft Mining
30:58 Gold Shaft Mining
31:14 Ballistics
31:13 Bloodlines
31:04 Husbandry
31:14 Fletching
31:24 Padded Archer Armor
31:36 Caravan
32:18 Thumb Ring
32:21 Bodkin Arrow
33:32 Leather Archer Armor
36:08 Imperial Age
35:50 Scale Barding Armor
35:55 Forging
36:09 Capped Ram
36:51 Bracer
37:54 Chemistry
37:00 Siege Engineers
37:18 Conscription
36:19 Elite Mangudai
37:40 Parthian Tactics
37:01 Onager
39:28 Hoardings
38:31 Capped Ram
40:29 Drill
40:07 Siege Ram
42:40 Siege Onager
都挺好
3:30 Loom
11:36 Feudal Age
15:33 Castle Age
13:34 Double-Bit Axe
14:54 Horse Collar
16:20 Gold Mining
19:06 Fletching
19:17 Padded Archer Armor
21:10 Bow Saw
21:30 Bodkin Arrow
22:20 Husbandry
23:54 Bloodlines
24:27 Heavy Plow
27:13 Wheelbarrow
27:19 Leather Archer Armor
28:13 Gold Shaft Mining
34:12 Imperial Age
34:09 Ballistics
36:03 Chemistry
36:17 Two-Man Saw
35:53 Parthian Tactics
36:14 Hand Cart
37:53 Bracer
38:24 Heavy Cavalry Archer
40:27 Thumb Ring
40:29 Scale Barding Armor
40:35 Forging
40:17 Town Watch
41:57 Chain Barding Armor
41:42 Caravan
42:22 Conscription
42:34 Squires
43:12 Iron Casting
42:38 Scale Mail Armor
Irrelevant
8:46 Loom
10:31 Feudal Age
14:57 Castle Age
12:46 Double-Bit Axe
12:43 Horse Collar
16:25 Bow Saw
18:24 Heavy Plow
18:45 Town Watch
19:57 Wheelbarrow
19:20 Fletching
20:11 Bodkin Arrow
25:01 Padded Archer Armor
26:25 Ballistics
27:19 Husbandry
28:07 Bloodlines
31:32 Hand Cart
34:35 Imperial Age
32:43 Masonry
32:47 Silk Armor
33:13 Leather Archer Armor
33:44 Murder Holes
33:52 Scale Mail Armor
34:00 Scale Barding Armor
35:21 Bracer
36:29 Chemistry
36:28 Caravan
36:35 Gold Mining
37:38 Chain Barding Armor
37:29 Forging
38:08 Gold Shaft Mining
37:24 Stone Mining
38:41 Heavy Cavalry Archer
40:40 Plate Barding Armor
40:40 Iron Casting
40:39 Ring Archer Armor
40:44 Plate Barding Armor
40:45 Iron Casting
39:31 Light Cavalry
40:17 Hussar
41:23 Conscription
41:58 Guilds
Moonka
8:47 Loom
10:56 Feudal Age
12:34 Double-Bit Axe
15:32 Castle Age
13:16 Horse Collar
15:22 Fletching
15:33 Padded Archer Armor
16:36 Bow Saw
17:19 Bodkin Arrow
17:19 Gold Mining
20:31 Leather Archer Armor
24:17 Heavy Plow
27:41 Wheelbarrow
27:44 Stone Mining
28:37 Gold Shaft Mining
28:42 Town Watch
30:09 Hand Cart
30:51 Stone Shaft Mining
30:55 Ballistics
32:56 Scale Mail Armor
33:06 Forging
36:08 Imperial Age
34:01 Treadmill Crane
35:36 Malon
37:38 Crop Rotation
37:39 Ring Archer Armor
38:10 Chemistry
37:16 Siege Engineers
36:34 Elite Bolas Rider
37:22 Butalmapu
37:48 Conscription
38:53 Chain Mail Armor
38:49 Forging
38:51 Murder Holes
38:41 Arrowslits
41:01 Capped Ram
TheGhostmaster
3:56 Loom
11:02 Feudal Age
11:38 Horse Collar
11:44 Double-Bit Axe
17:17 Castle Age
17:27 Wheelbarrow
16:47 Gold Mining
17:48 Stone Mining
18:21 Town Watch
21:27 Bow Saw
22:52 Fervor
23:55 Heavy Plow
26:47 Hand Cart
28:27 Fortified Wall
28:40 Ballistics
31:38 Imperial Age
30:11 Fletching
30:23 Padded Archer Armor
31:22 Masonry
31:14 Bodkin Arrow
31:06 Elite Skirmisher
32:46 Conscription
32:37 Bracer
33:42 Chemistry
34:00 Leather Archer Armor
35:14 Ring Archer Armor
35:54 Hoardings
37:30 Guilds
36:49 Elite Composite Bowman
38:42 Coinage
38:25 Caravan
39:20 Murder Holes
40:52 Town Patrol
Dr. Kenzo Tenma
11:43 Feudal Age
14:35 Castle Age
12:59 Double-Bit Axe
12:56 Horse Collar
16:08 Bow Saw
16:05 Heavy Plow
34:02 Loom
34:53 Wheelbarrow
36:02 Gold Mining
36:02 Stone Mining
40:36 Imperial Age
39:58 Ballistics
40:59 Hand Cart
40:30 Town Watch
42:05 Elite Ballista Elephant
Connection lost

Rejoining the realm…

Still unreachable

The connection could not be restored.

Session expired

The server has moved on; the page needs a fresh start.